AoeStats
← Foodude4

Black Forest

509324411Analyzed
3v3 RM · 6d ago on Sep 26, 2026· 46m 40s· 6 players
Game mode
Random Map
Map size
Normal (6 player)
Population
200
Speed
Normal
Resources
Standard
Victory
Conquest
Starting age
Dark Age
Ending age
Imperial Age
RankedLock teamsTeams togetherTeam positionsShared explorationLock speedFull tech treeHidden civsTurbo modeCheats
Victory
Defeat
🇦🇺 Celts · Australia
1061
+15
🇦🇺 Vietnamese · Australia
1050
+15
🇦🇺 Persians · Australia
894
+22
🇨🇴 Bohemians · Colombia
1047
-18
🇵🇱 Franks · Poland
1031
-17
🇪🇸 Britons · Spain
1024
-17
Kippa97
1:02 Loom
12:10 Feudal Age
15:50 Castle Age
13:46 Double-Bit Axe
19:17 Bow Saw
20:22 Horse Collar
22:42 Fishing Lines
24:18 Gold Mining
25:39 Heavy Plow
26:52 Wheelbarrow
27:09 Stone Mining
28:37 Hand Cart
31:46 Imperial Age
29:44 Scale Mail Armor
30:17 Forging
30:00 Fletching
30:22 Gillnets
31:50 Elite Woad Raider
33:06 Hoardings
32:53 Conscription
33:45 Chemistry
33:07 Chain Mail Armor
33:27 Iron Casting
34:28 Plate Mail Armor
33:49 Onager
34:40 Siege Engineers
35:06 Fletching
36:42 Furor Celtica
36:42 Caravan
36:57 Fortified Wall
36:43 Murder Holes
36:59 Masonry
37:35 Stronghold
37:44 Arson
37:21 Pikeman
38:59 Ballistics
41:24 Capped Ram
Ackshun
1:01 Loom
21:00 Feudal Age
21:33 Double-Bit Axe
21:30 Horse Collar
22:35 Gold Mining
23:22 Wheelbarrow
26:50 Castle Age
24:47 Stone Mining
25:17 Padded Archer Armor
25:09 Fletching
28:12 Hand Cart
28:09 Bow Saw
28:02 Heavy Plow
27:28 Crossbowman
29:24 Thumb Ring
29:50 Bodkin Arrow
30:11 Leather Archer Armor
32:26 Elite Skirmisher
34:05 Stone Shaft Mining
33:45 Scale Barding Armor
33:52 Forging
34:28 Squires
34:15 Arson
35:08 Scale Mail Armor
35:26 Town Watch
36:11 Town Patrol
41:18 Iron Casting
40:59 Chain Mail Armor
44:56 Imperial Age
45:02 Elite Fire Lancer
46:32 Plate Mail Armor
46:38 Ballistics
47:18 Chemistry
46:24 Siege Engineers
46:01 Treadmill Crane
45:56 Capped Ram
Foodude4
6:04 Loom
11:18 Feudal Age
16:43 Castle Age
14:59 Horse Collar
18:57 Double-Bit Axe
20:53 Bow Saw
23:35 Heavy Plow
25:05 Husbandry
27:29 Bloodlines
28:25 Wheelbarrow
29:01 Forging
28:57 Scale Barding Armor
28:58 Gold Mining
28:59 Stone Mining
30:19 Caravan
30:41 Hand Cart
32:02 Iron Casting
32:12 Gold Shaft Mining
32:13 Stone Shaft Mining
38:07 Imperial Age
37:49 Cavalier
38:02 Heavy Camel Rider
40:13 Blast Furnace
39:37 Chain Barding Armor
40:08 Savar
42:34 Plate Barding Armor
Alosk8
1:41 Loom
11:57 Feudal Age
17:27 Castle Age
16:44 Horse Collar
16:51 Double-Bit Axe
18:29 Wheelbarrow
18:29 Bow Saw
19:25 Heavy Plow
24:18 Hand Cart
31:29 Imperial Age
30:29 Chemistry
30:20 Town Watch
33:18 Two-Man Saw
32:30 Town Patrol
33:16 Houfnice
34:11 Wagenburg Tactics
34:27 Conscription
33:29 Elite Hussite Wagon
33:33 Elite Skirmisher
33:36 Man-at-Arms
33:37 Pikeman
34:03 Arson
34:19 Squires
34:13 Fletching
34:23 Padded Archer Armor
36:03 Halberdier
36:08 Long Swordsman
36:57 Caravan
37:11 Forging
37:01 Scale Mail Armor
36:57 Bodkin Arrow
37:17 Leather Archer Armor
37:27 Ballistics
41:56 Two-Handed Swordsman
mateuszes
9:34 Loom
11:37 Feudal Age
13:33 Double-Bit Axe
13:59 Double-Bit Axe
17:44 Castle Age
18:18 Gold Mining
18:42 Bow Saw
25:41 Gold Shaft Mining
25:45 Fletching
28:33 Imperial Age
27:37 Forging
27:25 Bodkin Arrow
28:28 Wheelbarrow
27:50 Loom
29:01 Fortified Wall
30:55 Scale Barding Armor
31:29 Iron Casting
30:17 Cavalier
30:58 Husbandry
31:41 Town Watch
33:08 Chain Barding Armor
32:50 Caravan
34:29 Blast Furnace
34:46 Plate Barding Armor
34:31 Murder Holes
36:11 Hand Cart
37:18 Paladin
39:05 Conscription
40:22 Scale Mail Armor
45:38 Chemistry
44:57 Chain Mail Armor
44:04 Light Cavalry
alejandro.cfs
1:32 Loom
21:30 Feudal Age
23:19 Wheelbarrow
28:12 Castle Age
26:23 Horse Collar
27:46 Fletching
29:23 Double-Bit Axe
29:49 Gold Mining
31:11 Yeomen
30:51 Bodkin Arrow
31:40 Gold Shaft Mining
34:17 Caravan
39:07 Imperial Age
41:02 Chemistry
40:09 Bracer
43:02 Elite Longbowman
45:06 Pikeman
Connection lost

Rejoining the realm…

Still unreachable

The connection could not be restored.

Session expired

The server has moved on; the page needs a fresh start.